 Dungeon Crawl Stone Soup version 0.19-a0-684-gf760df0 (webtiles) character file.

248 scalarboson the Skirmisher (level 5, -21/47 HPs)
             Began as a Draconian Chaos Knight on June 17, 2016.
             Demolished by an ogre
             ... wielding a +0 giant club
              (30 damage)
             ... on level 4 of the Dungeon.
             The game lasted 00:07:08 (2298 turns).

scalarboson the Skirmisher (Draconian Chaos Knight) Turns: 2298, Time: 00:07:13

Health: -21/47     AC:  5    Str: 16    XL:     5   Next: 86%
Magic:  5/5        EV: 13    Int: 12    God:    Xom [...*..]
Gold:   118        SH:  0    Dex: 10    Spells: 0 memorised, 4 levels left

rFire  . . .     SeeInvis .     k - +3 morningstar (crush)
rCold  . . .     Gourm    .     (armour unavailable)
rNeg   . . .     Faith    .     (no shield)
rPois  .         Spirit   .     (helmet restricted)
rElec  .         Dismiss  .     (no cloak)
rCorr  .         Reflect  .     (no gloves)
SustAt .         Harm     .     (no boots)
MR     .....                    c - amulet of regeneration
Stlth  +.........               (no ring)
                                (no ring)

@: not resistant to hostile enchantments, very unstealthy
A: unfitting armour, high mp 1, cold-blooded, AC +5
a: Renounce Religion


You were on level 4 of the Dungeon.
You worshipped Xom.
You were a favourite toy of Xom.
You were very hungry.

You visited 1 branch of the dungeon, and saw 4 of its levels.

You collected 118 gold pieces.

Inventory:

Hand Weapons
 a - a +0 falchion of chaos
 k - a +3 morningstar of crushing (weapon)
Jewellery
 c - an amulet of regeneration (around neck)
 n - an uncursed ring of protection from cold {unknown}
Scrolls
 d - a scroll of identify
 e - a scroll of random uselessness {unknown}
 l - 2 scrolls of remove curse
Potions
 g - a potion of heal wounds
 h - a potion of cure mutation {unknown}
Comestibles
 b - 4 bread rations
 f - a slice of pizza
 m - a beef jerky


   Skills:
 + Level 4.6 Fighting
 + Level 4.4 Long Blades
 + Level 1.3 Maces & Flails
 + Level 3.6 Dodging
 + Level 1.1 Stealth


You had 4 spell levels left.
You didn't know any spells.

Dungeon Overview and Level Annotations

Branches:
Dungeon (4/15)
 Temple: D:4-7

Altars:
Cheibriados

Annotations:
D:3 splatman's ghost, weakling DsTm


Innate Abilities, Weirdness & Mutations

Your plain brown scales are hard. (AC +5)
Your body does not fit into most forms of armour.
You are cold-blooded and may be slowed by cold attacks.
You have an increased reservoir of magic. (+10% MP)


Message History

You hit the ogre.
The ogre is moderately wounded.
The ogre barely misses you.
You barely miss the ogre.
The ogre is moderately wounded.
The ogre completely misses you.
You barely miss the ogre.
The ogre is moderately wounded.
The ogre hits you with a giant club!!
Ouch! That really hurt!
A shower of butterflies erupts from you!
You hit the ogre but do no damage.
You tail-slap the ogre, but do no damage.
The ogre is moderately wounded.
The ogre hits you with a giant club.
* * * LOW HITPOINT WARNING * * *
The ogre hits you with a giant club!!
Ouch! That really hurt!
You die...
Xom laughs nastily!

###### #.....
#.####################
#.b.O@b.b.............
######################
# ### .. #.#####
#.....† ####### #


You could see an ogre.

Vanquished Creatures
  A swamp drake (D:4)
  Jessica (D:2)
  An iguana (D:2)
  3 adders
  3 oozes (D:1)
  2 worms (D:3)
  A dart slug (D:1)
  2 giant geckos
  2 ball pythons
  4 giant cockroaches
  8 goblins
  8 hobgoblins
  A quokka (D:2)
  6 bats
  5 giant newts
  3 kobolds
  8 rats
59 creatures vanquished.

Notes
Turn   | Place    | Note
--------------------------------------------------------------
     0 | D:1      | scalarboson the Draconian Chaos Knight began the quest for the Orb.
     0 | D:1      | Reached XP level 1. HP: 19/19 MP: 1/1
    24 | D:1      | XOM: silly message
    63 | D:1      | You fall through a shaft!
   123 | D:1      | Reached XP level 2. HP: 19/26 MP: 2/2
   141 | D:1      | XOM: silly message
   325 | D:1      | Reached XP level 3. HP: 30/33 MP: 3/3
   471 | D:1      | XOM: divination: detect items
   649 | D:1      | XOM: 1-stop teleportation journey
  1042 | D:2      | Noticed Jessica
  1052 | D:2      | Killed Jessica
  1089 | D:2      | Reached XP level 4. HP: 40/40 MP: 4/4
  1160 | D:2      | Found a snail-covered altar of Cheibriados.
  1194 | D:2      | XOM: chaos upgrade
  1274 | D:2      | Noticed Terence
  1275 | D:2      | Noticed Terence
  1275 | D:2      | Terence changed into Terence the iguana
  1275 | D:2      | XOM: polymorph Terence -> Terence the iguana
  1279 | D:2      | Killed Terence the iguana
  1342 | D:2      | XOM: mild Ice miscast
  1393 | D:2      | XOM: severe Erth miscast
  1680 | D:3      | Reached XP level 5. HP: 34/47 MP: 5/5
  1915 | D:3      | XOM is BORED!
  1915 | D:3      | XOM: medium Tmut miscast
  2160 | D:3      | Gained mutation: You have an increased reservoir of magic. (+10% MP) [potion of beneficial mutation]
  2162 | D:3      | Noticed splatman's ghost (weakling DsTm)
  2224 | D:4      | Noticed an ogre
  2228 | D:4      | Noticed a swamp drake
  2228 | D:4      | an ogre changed into a swamp drake
  2228 | D:4      | XOM: polymorph ogre -> swamp drake
  2235 | D:4      | Killed a swamp drake
  2235 | D:4      | Reached skill level 1 in Maces & Flails
  2235 | D:4      | Reached skill level 1 in Stealth
  2291 | D:4      | Noticed an ogre
  2297 | D:4      | XOM: butterfly on damage
  2298 | D:4      | Demolished by an ogre

Vault maps used:
D:1:      wheals_arrival_shading, fountainhead, due_unseen_surprise
D:2:      marbit_many_paths, uniq_jessica, uniq_terence
D:3:      first_bread
D:4:      grunt_temple_overflow_open, nicolae_overflow_hidden_temple,
          lightli_temple_of_fire, old_standard_altar,
          minmay_temple_entry_junction, uniq_blork_the_orc

Skill      XL: |  1  2  3  4  5 |
---------------+----------------+-----
Fighting       | 4 |  4.6
Long Blades    | 4 |  4.4
Dodging        | 3 |  3.6
Maces & Flails | 1 |  1.3
Stealth        | 1 |  1.1

Action                   |  1- 3 |  4- 6 || total
-------------------------+-------+-------++-------
Melee: Falchion          |    52 |    34 ||    86
       Tailslap          |     5 |     8 ||    13
       Morningstar       |       |    54 ||    54
  Use: Scroll            |     4 |     1 ||     5
       Potion            |       |     3 ||     3
 Stab: Sleeping          |     1 |     2 ||     3
  Eat: Pizza             |       |     1 ||     1
       Beef jerky        |       |     1 ||     1
Armor: Skin              |    17 |    19 ||    36
Dodge: Dodged            |    39 |    69 ||   108
